[Event "Titled Tuesday Blitz December 27 Early 2022"]
[White "Tworuszka, Michal"]
[Black "Savic, Miroslav"]
[WhiteFideId "1117858"]
[BlackFideId "14508494"]
[WhiteElo "2260"]
[BlackElo "2167"]
[Result "1-0"]
[Round "05"]
[TimeControl "180+2"]
[Date "2022.12.27"]
[WhiteClock "0:00:09"]
[BlackClock "0:00:01"]

1. e4 c5 2. Nf3 d6 3. d4 cxd4 4. Nxd4 Nf6 5. Nc3 a6 6. Be3 e5 7. Nb3 Be6 8. h3 Be7 9. g4 h6 10. Qd2 Qc7 11. O-O-O b5 12. Kb1 Nbd7 13. Bxb5 axb5 14. Nxb5 Qb7 15. Nxd6+ Bxd6 16. Qxd6 Nxe4 17. Qd3 O-O 18. f3 Nef6 19. Rhg1 Qxf3 20. g5 hxg5 21. Rxg5 e4 22. Qd2 Rfd8 23. Rdg1 g6 24. Nd4 Qxh3 25. R5g3 Qh7 26. Nxe6 fxe6 27. Rxg6+ Kf7 28. Bh6 Rg8 29. Rg7+ Rxg7 30. Rxg7+ Qxg7 31. Bxg7 Kxg7 32. c4 Ne5 33. Qg5+ Ng6 34. c5 Rh8 35. b4 Nd5 36. a3 Rh2 37. c6 e3 38. Qg4 e2 39. Qd4+ Kf7 40. Qg1 Nc3+ 41. Kc1 Rh5 42. c7 1-0


[Site "https://www.chess.com"]

[Event "Titled Tuesday Blitz December 27 Early 2022"]
[White "Tymrakiewicz, Rafal"]
[Black "Toropov, Pavel"]
[WhiteFideId "1108832"]
[BlackFideId "24129178"]
[WhiteElo "2144"]
[BlackElo "2336"]
[Result "0-1"]
[Round "05"]
[TimeControl "180+2"]
[Date "2022.12.27"]
[WhiteClock "0:00:02"]
[BlackClock "0:00:32"]

1. e4 e6 2. d4 d5 3. e5 c5 4. c3 Qb6 5. Nf3 Bd7 6. Qb3 Nc6 7. dxc5 Bxc5 8. Qxb6 Bxb6 9. Bd3 Nge7 10. Bf4 Ng6 11. Bg3 Bc7 12. Bxg6 hxg6 13. O-O Bb6 14. Na3 Ne7 15. Nc2 Bb5 16. Rfe1 Nf5 17. Ncd4 Bd3 18. Nxf5 Bxf5 19. Bf4 Rc8 20. Be3 Bxe3 21. Rxe3 Ke7 22. Nd4 g5 23. Rae1 g4 24. Nxf5+ exf5 25. Rd1 Ke6 26. Rd4 Rc4 27. Red3 Rxd4 28. cxd4 Rc8 29. h3 gxh3 30. gxh3 Rc2 31. Rb3 b6 32. h4 g6 33. Kg2 Rc4 34. Rd3 Rc2 35. Rb3 Re2 36. Kg3 Re4 37. Rd3 Rg4+ 38. Kh3 Re4 39. Rd2 f4 40. Kg4 f3+ 41. Kg3 Re2 42. Rd3 Rxb2 43. Rxf3 Rd2 44. Rf6+ Ke7 45. Rc6 Rxd4 46. f4 Rc4 47. Rd6 Rc5 48. h5 gxh5 49. f5 d4 50. Kf4 Ra5 51. f6+ Ke8 52. Ke4 Rxa2 0-1


[Site "https://www.chess.com"]

[Event "Titled Tuesday Blitz December 27 Early 2022"]
[White "Vasques, Antonio Pedro Freixial"]
[Black "Sailer, Mike"]
[WhiteFideId "1908332"]
[BlackFideId "2012901"]
[WhiteElo "2214"]
[BlackElo "2109"]
[Result "1-0"]
[Round "05"]
[TimeControl "180+2"]
[Date "2022.12.27"]
[WhiteClock "0:00:21"]
[BlackClock "0:00:02"]

1. e4 d5 2. exd5 Qxd5 3. Nc3 Qd6 4. Nf3 Nf6 5. Bc4 c6 6. d3 Bg4 7. Bg5 e6 8. h3 Bh5 9. g4 Bg6 10. Qd2 Be7 11. O-O-O Nbd7 12. Kb1 O-O-O 13. Bf4 Qb4 14. a3 Qa5 15. Nd5 Qxd5 16. Bxd5 Nxd5 17. Bg3 h6 18. Qa5 Bc5 19. Ne5 Bb6 20. Qe1 Nxe5 21. Bxe5 f6 22. Bg3 e5 23. Rf1 Rhe8 24. Qd2 Bh7 25. f4 e4 26. dxe4 Ne3 27. Qe2 Nxd1 28. Rxd1 Rxd1+ 29. Qxd1 Bxe4 30. Qd6 Bc7 31. Qc5 b6 32. Qc4 Bd5 33. Qc3 Re2 34. g5 hxg5 35. fxg5 Bxg3 36. Qxg3 Rg2 37. Qe3 1-0


[Site "https://www.chess.com"]

[Event "Titled Tuesday Blitz December 27 Early 2022"]
[White "Volkov, Maksim"]
[Black "Vakhlamov, Igor L."]
[WhiteFideId "54123070"]
[BlackFideId "24126748"]
[WhiteElo "2258"]
[BlackElo "2413"]
[Result "0-1"]
[Round "05"]
[TimeControl "180+2"]
[Date "2022.12.27"]
[WhiteClock "0:00:06"]
[BlackClock "0:00:14"]

1. d4 d5 2. c4 e6 3. Nf3 Nf6 4. g3 c5 5. cxd5 cxd4 6. dxe6 Bxe6 7. Qxd4 Nc6 8. Qa4 Bc5 9. Bg2 O-O 10. O-O Qb6 11. Nc3 Rfe8 12. Bg5 Ng4 13. Ne4 Bf8 14. h3 Nge5 15. Nxe5 Nxe5 16. Be3 Qxb2 17. Bd4 Qxe2 18. Bxe5 Bxh3 19. Bxh3 Rxe5 20. Bg2 Rae8 21. Nc3 Qd3 22. Rac1 Bc5 23. Nd5 b6 24. Rcd1 Qxg3 25. Qf4 Qg6 26. Qd2 h5 27. Rfe1 Kh8 28. Rxe5 Rxe5 29. Nf4 Qg5 30. Qd8+ Kh7 31. Qd3+ g6 32. Qf3 Rf5 33. Nh3 Qf6 34. Qe2 Kg7 35. Rd7 g5 36. Be4 Re5 37. Rd5 g4 38. Rxe5 Qxe5 39. Kg2 gxh3+ 40. Kxh3 Qg5 41. Qf3 Bd6 42. Bf5 Kh6 43. Be4 f6 44. Qf5 Qxf5+ 45. Bxf5 Kg5 46. Be6 Bc5 47. Bf7 Bxf2 48. Be6 Bc5 49. Kg2 h4 50. Kf3 Bd6 51. Bd7 Bg3 52. Be6 f5 53. Bd7 f4 54. Be6 Kf6 55. Bd5 Ke5 56. Bc6 Kd4 57. a4 h3 58. Kg4 h2 59. Kf3 Kc5 60. Bb7 h1=Q+ 0-1


[Site "https://www.chess.com"]

[Event "Titled Tuesday Blitz December 27 Early 2022"]
[White "Wagner, Dinara"]
[Black "Shipov, Sergei"]
[WhiteFideId "24157570"]
[BlackFideId "4113624"]
[WhiteElo "2417"]
[BlackElo "2541"]
[Result "0-1"]
[Round "05"]
[TimeControl "180+2"]
[Date "2022.12.27"]
[WhiteClock "0:00:03"]
[BlackClock "0:00:02"]

1. d4 d5 2. c4 e6 3. Nf3 c5 4. cxd5 exd5 5. g3 Nc6 6. Bg2 Nf6 7. O-O Be7 8. a3 O-O 9. dxc5 Bxc5 10. b4 Bb6 11. Bb2 Ne4 12. Nc3 Be6 13. Nb5 a5 14. Nbd4 axb4 15. Nxc6 bxc6 16. axb4 Qe7 17. Rb1 Bf5 18. Nd4 Bd7 19. Qc2 Rfc8 20. Qd3 Qxb4 21. Ba1 Qa5 22. e3 Re8 23. Rfc1 Rac8 24. Nb3 Qa2 25. Bxe4 Rxe4 26. Nd2 Bxe3 27. Nxe4 Bxc1 28. Rxc1 h6 29. Nc5 Bh3 30. Qd4 f6 31. Qh4 Qa3 32. Re1 Qa5 33. Nd3 Bf5 34. Rd1 Bxd3 35. Bxf6 Bg6 36. Qg4 gxf6 37. Qxc8+ Kg7 38. Qd7+ Bf7 39. Qxc6 Qb4 40. Qc7 Qe4 41. Rc1 d4 42. Ra1 Kg6 43. Qc1 Bd5 44. Qb1 d3 45. f3 Qe3+ 46. Kf1 Qxf3+ 47. Ke1 Qe2# 0-1


[Site "https://www.chess.com"]

[Event "Titled Tuesday Blitz December 27 Early 2022"]
[White "White, John S."]
[Black "Warchol, Kamil"]
[WhiteFideId "2502348"]
[BlackFideId "21858241"]
[WhiteElo "2235"]
[BlackElo "2173"]
[Result "0-1"]
[Round "05"]
[TimeControl "180+2"]
[Date "2022.12.27"]
[WhiteClock "0:00:01"]
[BlackClock "0:00:07"]

1. e4 c5 2. Nf3 d6 3. d4 cxd4 4. Nxd4 Nf6 5. Nc3 Nc6 6. Be3 Ng4 7. Bg5 h6 8. Bh4 g5 9. Bg3 Bg7 10. Nxc6 bxc6 11. Qd2 Qb6 12. O-O-O Rb8 13. b3 Qb4 14. h3 Bxc3 15. Qxc3 Qxc3 16. hxg4 Bxg4 17. Rd3 Qa1+ 18. Kd2 Qd1+ 19. Kc3 Qa1+ 20. Kd2 Qxa2 21. e5 d5 22. e6 Bxe6 23. Bxb8 Bf5 24. Rc3 Qa5 25. Be5 f6 26. Bd4 e5 27. Bc5 d4 28. b4 dxc3+ 29. Kxc3 Qa1+ 30. Kd2 Qa2 31. Bd3 Bxd3 32. Kxd3 Kf7 33. Re1 Rd8+ 34. Kc3 Qa3+ 35. Kc4 a5 36. Re3 Qa2+ 37. Kc3 axb4+ 38. Bxb4 c5 39. Bxc5 Rc8 40. Kb4 Rxc5 41. Kxc5 Qxc2+ 42. Kb5 Qxf2 43. Rc3 Qxg2 0-1


[Site "https://www.chess.com"]

[Event "Titled Tuesday Blitz December 27 Early 2022"]
[White "Wickramasinghe, Minethma Lasandi"]
[Black "Vifleemskaia, Svetlana"]
[WhiteFideId "9966170"]
[BlackFideId "4129490"]
[WhiteElo "1483"]
[BlackElo "1971"]
[Result "1-0"]
[Round "05"]
[TimeControl "180+2"]
[Date "2022.12.27"]
[WhiteClock "0:00:13"]
[BlackClock "0:00:36"]

1. e4 e5 2. Nf3 Nc6 3. d4 exd4 4. Bc4 Nf6 5. O-O Nxe4 6. Re1 d5 7. Bxd5 Qxd5 8. Nc3 Qa5 9. Nxe4 Be6 10. Neg5 O-O-O 11. Nxe6 fxe6 12. Rxe6 h6 13. Qe2 Bd6 14. Bd2 Qh5 15. h3 g5 16. Nxd4 Qxe2 17. Nxe2 Bh2+ 18. Kxh2 Rxd2 19. Rc1 Nb4 20. Re4 Nxc2 21. Rc4 Rxe2 22. R1xc2 Rxc2 23. Rxc2 Re8 24. Rd2 b6 25. Kg3 Re4 26. f3 Ra4 27. a3 a5 28. Kf2 Rc4 29. g3 a4 30. Ke3 Kb7 31. f4 Rc5 32. Ke4 gxf4 33. gxf4 Rh5 34. Rd3 c5 35. f5 c4 36. Rg3 Rh4+ 37. Ke5 Rd4 38. Kxd4 1-0


[Site "https://www.chess.com"]

[Event "Titled Tuesday Blitz December 27 Early 2022"]
[White "Williams, Simon K"]
[Black "Cruz, William Ferreira Da"]
[WhiteFideId "404454"]
[BlackFideId "2118050"]
[WhiteElo "2465"]
[BlackElo "2216"]
[Result "1-0"]
[Round "05"]
[TimeControl "180+2"]
[Date "2022.12.27"]
[WhiteClock "0:00:12"]
[BlackClock "0:00:08"]

1. d4 Nf6 2. c4 g6 3. h4 Bg7 4. Nc3 d6 5. e4 Nbd7 6. Be2 e5 7. d5 Nc5 8. Qc2 a5 9. h5 h6 10. Be3 b6 11. hxg6 fxg6 12. O-O-O Ng4 13. Bxg4 Bxg4 14. f3 Bd7 15. Nge2 Qe7 16. Kb1 h5 17. Qd2 Qf8 18. Nc1 Bh6 19. Nd3 Bxe3 20. Qxe3 Nxd3 21. Rxd3 Qf6 22. Rdd1 h4 23. Nb5 Bxb5 24. cxb5 O-O-O 25. Rc1 Kb8 26. Rc6 Rd7 27. Qc3 Qd8 28. b4 axb4 29. Qxb4 Kb7 30. Rc3 Qg5 31. Qc4 Rb8 32. Qe2 Ra8 33. Qf2 Ra5 34. Rb3 Rh7 35. Qc2 Qe7 36. Ka1 g5 37. Rc1 Qd7 38. Qc4 h3 39. gxh3 Rxh3 40. Rbc3 Rh7 41. a4 Rf7 42. Kb2 Qe8 43. Kb3 Qd7 44. Rh1 Ra8 45. Rhc1 Raf8 46. Qe2 g4 47. fxg4 Rf2 48. Qc4 R2f7 49. g5 Rg8 50. Rg1 Rg6 51. Qc6+ Qxc6 52. dxc6+ Ka7 53. Rh3 Rfg7 54. Rh5 Kb8 55. Kc4 Kc8 56. Kd5 Kd8 57. Rh8+ Ke7 58. Rc8 Rxg5 59. Rxc7+ Kf6 60. Rxg7 Rxg7 61. Rxg7 Kxg7 62. c7 1-0


[Site "https://www.chess.com"]

[Event "Titled Tuesday Blitz December 27 Early 2022"]
[White "Xiong, Jeffery"]
[Black "Preotu, Razvan"]
[WhiteFideId "2047640"]
[BlackFideId "2613280"]
[WhiteElo "2692"]
[BlackElo "2475"]
[Result "0-1"]
[Round "05"]
[TimeControl "180+2"]
[Date "2022.12.27"]
[WhiteClock "0:00:04"]
[BlackClock "0:00:15"]

1. Nf3 c5 2. e4 d6 3. d4 cxd4 4. Nxd4 Nf6 5. Nc3 a6 6. Bd3 e5 7. Nf5 Bxf5 8. exf5 d5 9. Bg5 Nbd7 10. Nxd5 Qa5+ 11. Nc3 e4 12. O-O exd3 13. Re1+ Be7 14. Qxd3 Kf8 15. Rad1 Ne5 16. Qg3 Nc6 17. Qf3 h6 18. Bh4 Kg8 19. Bxf6 Bxf6 20. Nd5 Be5 21. f6 Bxf6 22. Nxf6+ gxf6 23. Re4 f5 24. Rf4 Re8 25. c3 Ne5 26. Qxb7 Ng6 27. Rb4 Qxa2 28. h4 h5 29. Rb6 Re6 30. Rb3 Kg7 31. Rd7 Rf8 32. Rd1 Rfe8 33. Ra3 Re1+ 34. Kh2 Qc4 35. Rd4 Qf1 36. Rd7 Qh1+ 37. Kg3 Qxh4+ 38. Kf3 Qg4# 0-1


[Site "https://www.chess.com"]

[Event "Titled Tuesday Blitz December 27 Early 2022"]
[White "Zemlyanskii, Ivan"]
[Black "Lenderman, Aleksandr"]
[WhiteFideId "24249971"]
[BlackFideId "2021285"]
[WhiteElo "2300"]
[BlackElo "2572"]
[Result "0-1"]
[Round "05"]
[TimeControl "180+2"]
[Date "2022.12.27"]
[WhiteClock "0:00:01"]
[BlackClock "0:00:44"]

1. d4 e6 2. c4 b6 3. Nf3 Bb7 4. g3 Bb4+ 5. Bd2 Bxf3 6. exf3 Bxd2+ 7. Qxd2 d5 8. f4 Nf6 9. Bg2 O-O 10. O-O Nc6 11. Nc3 Ne7 12. Rac1 c6 13. cxd5 cxd5 14. Rfe1 Qd7 15. Bf1 Nf5 16. Re5 Nd6 17. Bd3 Rfc8 18. Ree1 g6 19. Ne2 Qa4 20. b3 Qa3 21. Rxc8+ Rxc8 22. Rc1 Rxc1+ 23. Nxc1 Nde4 24. Qc2 Qb4 25. Bxe4 Nxe4 26. Qd3 Qe1+ 27. Qf1 Qd2 28. Nd3 Nc3 29. Ne5 Qxd4 30. Qa6 Ne4 31. Qc8+ Kg7 32. Qc2 Qc3 33. Qe2 a5 34. f3 Qa1+ 35. Kg2 Nc3 36. Qa6 Qxa2+ 37. Kh3 Qc2 38. Qxb6 Ne2 39. Qa7 Qf5+ 40. Kg2 g5 41. Qxa5 gxf4 42. Ng4 h5 43. Qa1+ d4 44. Nf2 fxg3 45. hxg3 Qe5 46. Ne4 Nc3 47. Nxc3 dxc3 48. b4 Qe2+ 49. Kh3 Qb2 50. Qe1 c2 51. Qd2 c1=Q 0-1


[Site "https://www.chess.com"]

[Event "Titled Tuesday Blitz December 27 Early 2022"]
[White "Zierk, Steven"]
[Black "Martinez Alcantara, Jose Eduardo"]
[WhiteFideId "2034255"]
[BlackFideId "3805662"]
[WhiteElo "2488"]
[BlackElo "2619"]
[Result "0-1"]
[Round "05"]
[TimeControl "180+2"]
[Date "2022.12.27"]
[WhiteClock "0:00:01"]
[BlackClock "0:00:06"]

1. e4 c5 2. Nf3 d6 3. d4 cxd4 4. Nxd4 Nf6 5. f3 e6 6. c4 Be7 7. Nc3 O-O 8. Be2 Nc6 9. Be3 d5 10. cxd5 exd5 11. Nxc6 bxc6 12. exd5 Nxd5 13. Nxd5 cxd5 14. O-O Bf6 15. Bd4 Rb8 16. Rc1 Re8 17. Re1 Bf5 18. b3 g6 19. Bxf6 Qxf6 20. Qxd5 Rbd8 21. Qc5 Rc8 22. Qf2 Rxc1 23. Rxc1 Qb2 24. Re1 Qd2 25. Kf1 Qxa2 26. Bc4 Qxf2+ 27. Kxf2 Rxe1 28. Kxe1 Kf8 29. Kd2 Ke7 30. Kc3 f6 31. Kb4 Kd6 32. Kb5 Bc8 33. f4 g5 34. g3 h6 35. b4 gxf4 36. gxf4 Bb7 37. Bf7 Bc8 38. Bc4 Bb7 39. Be2 Ke6 40. Bg4+ Kd6 41. Bh3 h5 42. Ka5 h4 43. Kb5 Kc7 44. Kc5 Be4 45. Be6 Bf3 46. Bd5 Bg4 47. Be4 Be6 48. Bd3 Bf7 49. Bf5 Bb3 50. Bg4 Bf7 51. Bf3 Be6 52. Bd5 Bg4 53. Bc4 Bf3 54. Kd4 Kd6 55. Ke3 Bd5 56. Bd3 Bh1 57. Be4 Bxe4 58. Kxe4 Ke6 59. f5+ Kd6 60. Kf4 Kd5 61. Kg4 Kc4 62. Kxh4 Kxb4 63. Kg4 a5 64. h4 a4 65. h5 a3 66. h6 a2 67. h7 a1=Q 68. h8=Q Qg1+ 69. Kf3 Qf1+ 70. Ke4 Qe2+ 71. Kf4 Qe5+ 72. Kg4 Qe4+ 73. Kg3 Qe5+ 74. Kg4 Qe4+ 75. Kg3 Qe3+ 76. Kg4 Qg5+ 77. Kf3 Qxf5+ 78. Ke3 Qe5+ 79. Kf3 Kc3 80. Qc8+ Kd2 81. Qd7+ Ke1 82. Qd3 Qh5+ 83. Kf4 Qg5+ 84. Kf3 Qh5+ 85. Kf4 Qh4+ 86. Kf3 Qh3+ 87. Ke4 Qg4+ 88. Ke3 Qg3+ 89. Kd4 Qe5+ 90. Kc4 Kf2 91. Qh7 Kg3 92. Qg6+ Kf3 93. Qf7 f5 94. Kb3 f4 95. Qh5+ Qxh5 0-1


[Site "https://www.chess.com"]

[Event "Titled Tuesday Blitz December 27 Early 2022"]
[White "Zubritskiy, Artyom"]
[Black "Donskov, Anatoly"]
[WhiteFideId "4181247"]
[BlackFideId "24143413"]
[WhiteElo "2442"]
[BlackElo "2279"]
[Result "1-0"]
[Round "05"]
[TimeControl "180+2"]
[Date "2022.12.27"]
[WhiteClock "0:00:17"]
[BlackClock "0:00:04"]

1. c4 e6 2. d4 d5 3. Nf3 Nf6 4. g3 dxc4 5. Bg2 a6 6. Ne5 Bb4+ 7. Nc3 Nd5 8. Bd2 Nb6 9. e3 N8d7 10. f4 O-O 11. O-O c5 12. a3 Ba5 13. Qe2 cxd4 14. exd4 Nf6 15. Rad1 Nbd5 16. Nxc4 Bc7 17. Ne5 b5 18. f5 Bb6 19. Bg5 Bb7 20. Bxf6 gxf6 21. fxe6 fxe6 22. Qg4+ Kh8 23. Qxe6 fxe5 24. Qxe5+ Kg8 25. Nxd5 Ba7 26. Ne7+ 1-0


[Site "https://www.chess.com"]

[Event "Titled Tuesday Blitz December 27 Early 2022"]
[White "gshwbedhkhd"]
[Black "Bogaudinov, Rushan"]
[BlackFideId "4129288"]
[WhiteElo "2577"]
[BlackElo "1939"]
[Result "1-0"]
[Round "05"]
[TimeControl "180+2"]
[Date "2022.12.27"]
[WhiteClock "0:00:33"]
[BlackClock "0:00:14"]

1. e4 c5 2. Nf3 d6 3. Nc3 Nc6 4. d4 cxd4 5. Nxd4 Nf6 6. Nd5 e6 7. Nxf6+ Qxf6 8. Nb5 Qd8 9. Bf4 e5 10. Be3 Be7 11. Qd2 a6 12. Nc3 Be6 13. Be2 O-O 14. O-O f5 15. exf5 Bxf5 16. Nd5 Be6 17. Rad1 Bxd5 18. Qxd5+ Kh8 19. a3 Qe8 20. c4 Qf7 21. Bf3 Qxd5 22. Bxd5 a5 23. b3 h6 24. Rd3 g5 25. Rfd1 Kg7 26. Kf1 Kg6 27. Be4+ Kg7 28. Ke2 Rf7 29. f3 Rff8 30. Bb6 Rf4 31. g3 Rf6 32. Re3 Ra6 33. Bxc6 bxc6 34. c5 dxc5 35. Bc7 c4 36. bxc4 Bxa3 37. Rxa3 a4 38. Bxe5 1-0


[Site "https://www.chess.com"]

[Event "Titled Tuesday Blitz December 27 Early 2022"]
[White "Adel, Sara"]
[Black "Cardona, Liulia"]
[WhiteFideId "10616764"]
[BlackFideId "3505189"]
[WhiteElo "1739"]
[BlackElo "2115"]
[Result "0-1"]
[Round "06"]
[TimeControl "180+2"]
[Date "2022.12.27"]
[WhiteClock "0:00:05"]
[BlackClock "0:00:31"]

1. e4 e5 2. Nf3 d6 3. Bc4 Be7 4. d4 exd4 5. O-O Nf6 6. Qxd4 O-O 7. Nc3 Nc6 8. Qd3 a6 9. Bg5 b5 10. Bb3 Nb4 11. Qe2 c5 12. a3 Nc6 13. Bxf6 Bxf6 14. Bd5 Bb7 15. Rad1 Qc7 16. Ne1 Rad8 17. f4 Nd4 18. Qg4 Bc8 19. f5 b4 20. Nb1 Bb7 21. Bc4 Rfe8 22. c3 Rxe4 23. Qh5 d5 24. Bd3 Rh4 25. Qxh4 Bxh4 26. cxd4 c4 27. Be2 a5 28. Nf3 Bf6 29. axb4 axb4 30. Nbd2 h6 31. Rfe1 Bc6 32. Nf1 Ba4 33. Rc1 Qf4 34. Ng3 Bxd4+ 35. Kh1 Bf2 36. Rf1 Bxg3 37. hxg3 Qxg3 38. Nh2 Re8 39. Bg4 Qh4 40. Rf4 Re1+ 41. Rxe1 Qxe1+ 42. Rf1 Qd2 43. Rd1 Qxb2 44. Bf3 Bxd1 45. Bxd1 Qc1 0-1


[Site "https://www.chess.com"]

[Event "Titled Tuesday Blitz December 27 Early 2022"]
[White "Aghasiyev, Kamal"]
[Black "Begunov, Konstantin"]
[WhiteFideId "13402854"]
[BlackFideId "4118510"]
[WhiteElo "2441"]
[BlackElo "2325"]
[Result "0-1"]
[Round "06"]
[TimeControl "180+2"]
[Date "2022.12.27"]
[WhiteClock "0:00:38"]
[BlackClock "0:00:25"]

1. e4 c5 2. Nf3 d6 3. d4 cxd4 4. Nxd4 Nf6 5. Nc3 a6 6. h3 e6 7. g4 b5 8. Bg2 Bb7 9. a3 h6 10. O-O Be7 11. Be3 Nbd7 12. Nb3 Ne5 13. Nd2 Qc7 14. f4 Nc4 15. Nxc4 Qxc4 16. Qd3 Qxd3 17. cxd3 Nd7 18. Rac1 O-O 19. Rfd1 Rfc8 20. Kf2 Bd8 21. Ke2 Bb6 22. Bxb6 Nxb6 23. Ke3 e5 24. Ne2 Kf8 25. Rxc8+ Rxc8 26. Rc1 Rxc1 27. Nxc1 Na4 28. b4 Ke7 29. Nb3 exf4+ 30. Kxf4 Nc3 31. Nd2 g5+ 32. Ke3 Ke6 33. Kd4 Ne2+ 34. Ke3 Nf4 35. Bf1 d5 36. Nf3 dxe4 37. dxe4 Kd6 38. Nd4 Bc8 39. Nf5+ Bxf5 40. exf5 Ke5 41. a4 bxa4 42. Bxa6 Nd5+ 43. Kd2 Nxb4 44. Bc4 f6 45. Kc3 Nd5+ 0-1


[Site "https://www.chess.com"]

[Event "Titled Tuesday Blitz December 27 Early 2022"]
[White "Albertini, Luca"]
[Black "Ilkhomi, Jaloliddin"]
[WhiteFideId "847038"]
[BlackFideId "14700948"]
[WhiteElo "2084"]
[BlackElo "1997"]
[Result "0-1"]
[Round "06"]
[TimeControl "180+2"]
[Date "2022.12.27"]
[WhiteClock "0:00:04"]
[BlackClock "0:00:10"]

1. e4 e6 2. d4 d5 3. e5 c5 4. c3 Nc6 5. a3 Bd7 6. b4 cxd4 7. cxd4 Rc8 8. Bb2 Qb6 9. Nf3 Nh6 10. Bd3 Be7 11. O-O Na5 12. Nbd2 Nc4 13. Ra2 Nxb2 14. Rxb2 f6 15. exf6 Bxf6 16. Nb3 Ba4 17. Qb1 Bxb3 18. Rxb3 Bxd4 19. Nxd4 Qxd4 20. Bb5+ Ke7 21. Re3 a6 22. Rd1 Qf6 23. Ba4 Rhd8 24. Bb3 Nf5 25. Rf3 Rc3 26. Rxc3 Qxc3 27. Bxd5 Rxd5 28. Rxd5 exd5 0-1


[Site "https://www.chess.com"]

[Event "Titled Tuesday Blitz December 27 Early 2022"]
[White "Alex_Sahakyan2006"]
[Black "Sadovsky, Artem"]
[BlackFideId "4155840"]
[WhiteElo "2629"]
[BlackElo "2276"]
[Result "1-0"]
[Round "06"]
[TimeControl "180+2"]
[Date "2022.12.27"]
[WhiteClock "0:01:26"]
[BlackClock "0:00:07"]

1. e4 g6 2. d4 Bg7 3. Nf3 c6 4. Nc3 d5 5. h3 dxe4 6. Nxe4 Nd7 7. Bc4 Ngf6 8. Neg5 O-O 9. Nxf7 Rxf7 10. Ng5 Nd5 11. Nxf7 Kxf7 12. Bb3 Nf6 13. c4 Nc7 14. O-O Be6 15. Re1 Qd7 16. Bf4 Rd8 17. Qe2 Nfe8 18. Rad1 Bxd4 19. Bxc7 Nxc7 20. Rxd4 Qxd4 21. Rd1 c5 22. Rxd4 cxd4 23. Qf3+ Kg7 24. Qxb7 Rd7 25. Ba4 d3 26. Bxd7 d2 27. Qf3 Bxd7 28. Qc3+ Kf7 29. Qxd2 Be6 30. Qf4+ Bf5 31. Qxc7 Be6 32. b3 a6 33. g4 Bc8 34. Qxc8 h5 35. c5 Kg7 36. g5 a5 37. c6 a4 38. b4 a3 39. Qe6 h4 40. c7 Kf8 41. c8=Q+ 1-0


[Site "https://www.chess.com"]

[Event "Titled Tuesday Blitz December 27 Early 2022"]
[White "Araujo, Everson De Moura"]
[Black "Fernandez Garcia, Gumersindo"]
[WhiteFideId "22737197"]
[BlackFideId "24516740"]
[WhiteElo "1944"]
[BlackElo "2160"]
[Result "0-1"]
[Round "06"]
[TimeControl "180+2"]
[Date "2022.12.27"]
[WhiteClock "0:00:01"]
[BlackClock "0:00:36"]

1. d4 Nf6 2. Nf3 g6 3. e3 Bg7 4. c4 O-O 5. Be2 d6 6. Nc3 Nbd7 7. e4 e5 8. Be3 Re8 9. d5 Nh5 10. Nd2 Nf4 11. O-O Nxe2+ 12. Qxe2 f5 13. f3 a5 14. b3 b6 15. Rac1 f4 16. Bf2 g5 17. a3 h5 18. h3 Nf6 19. b4 axb4 20. axb4 g4 21. hxg4 hxg4 22. fxg4 Nxg4 23. c5 Nxf2 24. Qxf2 bxc5 25. bxc5 Ba6 26. Rfe1 Re7 27. Nf3 Bf8 28. Ra1 Rg7 29. c6 Be7 30. Ra2 Bc4 31. Rb2 Ra3 32. Nb5 Bxb5 33. Rxb5 Qc8 34. Qb2 Qg4 35. Rb8+ Kf7 36. Rf1 Rxf3 37. Rxf3 Qxf3 38. Qd2 Qa3 39. Rb7 Bd8 40. Qf2 Qc1+ 0-1


[Site "https://www.chess.com"]

[Event "Titled Tuesday Blitz December 27 Early 2022"]
[White "Ardila, Oscar Humberto"]
[Black "Melikhov, Evgeny V."]
[WhiteFideId "4404742"]
[BlackFideId "4122046"]
[WhiteElo "1982"]
[BlackElo "2269"]
[Result "0-1"]
[Round "06"]
[TimeControl "180+2"]
[Date "2022.12.27"]
[WhiteClock "0:00:01"]
[BlackClock "0:00:28"]

1. d4 Nf6 2. c4 e6 3. Nc3 Bb4 4. Bd2 O-O 5. Nf3 d5 6. e3 dxc4 7. Bxc4 Nc6 8. O-O Bd6 9. Rc1 e5 10. d5 Ne7 11. e4 a6 12. h3 Ng6 13. Bg5 h6 14. Be3 Nh7 15. Re1 f5 16. exf5 Bxf5 17. Bd3 Ng5 18. Nxg5 hxg5 19. Bxf5 Rxf5 20. Ne4 Nf4 21. Qg4 g6 22. Bxf4 Rxf4 23. Qe6+ Kg7 24. Re3 g4 25. hxg4 Qh4 26. g3 Qxg4 27. Nxd6 cxd6 28. Rc7+ Kh6 29. Qe7 Raf8 30. Qh7+ Kg5 31. Qh4+ Qxh4 32. gxh4+ Rxh4 33. Rxb7 Rd4 34. Rg3+ Kf4 35. Rxg6 Rxd5 36. Rb3 e4 37. Re3 Rd3 38. Re6 Rxe3 39. fxe3+ Kxe3 40. Rxd6 Rg8+ 41. Kf1 a5 42. b3 Rc8 43. a3 Rc2 44. b4 a4 45. b5 Rb2 46. b6 Rb3 47. Rc6 Rxa3 48. b7 Rb3 49. Rc7 Kf3 50. Ke1 e3 51. Kd1 Rb1+ 52. Kc2 e2 53. Kxb1 e1=Q+ 54. Ka2 Qb4 55. Rc3+ Ke2 56. Rc2+ Kd3 0-1


[Site "https://www.chess.com"]

[Event "Titled Tuesday Blitz December 27 Early 2022"]
[White "Atakhan, Abtin"]
[Black "Peatman, Carter"]
[WhiteFideId "22502203"]
[BlackFideId "2096480"]
[WhiteElo "2422"]
[BlackElo "1998"]
[Result "0-1"]
[Round "06"]
[TimeControl "180+2"]
[Date "2022.12.27"]
[WhiteClock "0:00:40"]
[BlackClock "0:01:36"]

1. Nf3 d5 2. d4 Nf6 3. Bf4 c5 4. e3 Nc6 5. Nbd2 Qb6 6. dxc5 Qxb2 7. Rb1 Qa3 8. Bb5 Qxc5 9. O-O e6 10. c4 Bd7 11. Nb3 Qa3 12. Nbd4 a6 13. Bxc6 bxc6 0-1


[Site "https://www.chess.com"]

[Event "Titled Tuesday Blitz December 27 Early 2022"]
[White "Avila Pavas, Santiago"]
[Black "Baskakov, Egor"]
[WhiteFideId "4437128"]
[BlackFideId "24197866"]
[WhiteElo "2522"]
[BlackElo "2215"]
[Result "0-1"]
[Round "06"]
[TimeControl "180+2"]
[Date "2022.12.27"]
[WhiteClock "0:00:41"]
[BlackClock "0:00:40"]

1. d4 Nf6 2. Nf3 e6 3. Bf4 d5 4. e3 Bd6 5. Bg3 Ne4 6. Nbd2 f5 7. Nxe4 fxe4 8. Ne5 O-O 9. Qh5 Nd7 10. O-O-O Nxe5 11. dxe5 Be7 12. f3 Bg5 13. fxe4 Bxe3+ 14. Kb1 d4 15. Bc4 Rb8 16. Rhf1 Bd7 17. Be2 Rxf1 18. Rxf1 Qe8 19. Qh3 Qe7 20. Bh4 Qc5 21. Bg4 Re8 22. Bg3 Qb5 23. Rd1 a5 24. Qh5 a4 25. a3 Rf8 26. Bh4 g6 27. Be2 gxh5 0-1


[Site "https://www.chess.com"]

[Event "Titled Tuesday Blitz December 27 Early 2022"]
[White "Ayushh, Ravikumar"]
[Black "Pakleza, Zbigniew"]
[WhiteFideId "35039482"]
[BlackFideId "1119290"]
[WhiteElo "2032"]
[BlackElo "2494"]
[Result "0-1"]
[Round "06"]
[TimeControl "180+2"]
[Date "2022.12.27"]
[WhiteClock "0:00:15"]
[BlackClock "0:00:59"]

1. e4 d6 2. Nf3 Nf6 3. Nc3 Bg4 4. Bc4 e6 5. d3 Be7 6. O-O O-O 7. Be3 d5 8. exd5 exd5 9. Bb3 d4 10. Bxd4 Bxf3 11. Qxf3 Qxd4 12. Qxb7 Nbd7 13. Qxc7 Rfc8 14. Qg3 Bd6 15. Qf3 Rab8 16. Ne2 Qxb2 17. Ng3 Bxg3 18. Qxg3 a5 19. Rae1 Qa3 20. Qf4 a4 21. Qxa4 Qxa4 22. Bxa4 Nc5 23. Bb3 Nxb3 24. cxb3 Nd5 25. Re5 Nb4 26. d4 Nxa2 27. Rfe1 g6 28. g3 Nc1 29. d5 Nd3 30. R1e3 Nxe5 31. Rxe5 Rxb3 32. d6 Rd8 33. Kg2 Rxd6 34. Re2 Kg7 35. f4 Rdb6 36. Rf2 Rb2 37. Kf3 R6b3+ 38. Kg2 Rxf2+ 39. Kxf2 f5 40. g4 Kf6 41. gxf5 Kxf5 42. Kg2 Kxf4 43. Kf2 Rb2+ 44. Ke1 Kf3 45. Kf1 Rb1# 0-1


[Site "https://www.chess.com"]